 Dungeon Crawl Stone Soup version 0.20.1-1-g8b1a95d66d (webtiles) character file.

55 Ivernyr the Shooter (level 3, -4/29 HPs)
             Began as a Centaur Hunter on Nov 17, 2017.
             Slain by a goblin
             ... wielding a +0 club
             ... led by Robin
              (6 damage)
             ... on level 2 of the Dungeon.
             The game lasted 00:04:09 (1727 turns).

Ivernyr the Shooter (Centaur Hunter)                Turns: 1727, Time: 00:04:09

Health: -4/29      AC:  4    Str: 14    XL:     3   Next: 67%
Magic:  3/3        EV:  9    Int: 11    God:
Gold:   85         SH:  0    Dex:  9    Spells: 2/2 levels left

rFire    . . .     SeeInvis .     - Unarmed
rCold    . . .     Gourm    .   (no shield)
rNeg     . . .     Faith    .   c - +0 leather armour
rPois    .         Spirit   .   (no helmet)
rElec    .         Reflect  .   (no cloak)
rCorr    .         Harm     .   (no gloves)
MR       .....                  (no barding)
Stlth    +.........             (no amulet)
Regen    0.1/turn               (no ring)
MPRegen  0.1/turn               (no ring)

@: lethally poisoned (-4 -> -12), very quick
A: hooves 3, deformed body, speed 2, tough skin 3
a: no special abilities


You were on level 2 of the Dungeon.
You were hungry.

You visited 1 branch of the dungeon, and saw 2 of its levels.

You collected 85 gold pieces.

Inventory:

Hand Weapons
 a - a +1 shortbow
Missiles
 d - 20 arrows
Armour
 c - a +0 leather armour (worn)
Scrolls
 e - a scroll of identify {unknown}
 j - a scroll of blinking {unknown}
 l - 2 scrolls of teleportation {unknown}
Potions
 b - 2 potions of agility {unknown}
 h - 2 potions of curing {unknown}
 i - a potion of lignification {unknown}
 k - a potion of flight {unknown}
 m - a potion of cancellation {unknown}
Comestibles
 f - 2 bread rations
 g - a meat ration


   Skills:
 - Level 2.0 Fighting
 * Level 6.2 Bows
 + Level 0.9 Armour
 - Level 1.3 Dodging
 - Level 0.4 Stealth
 + Level 1.7 Unarmed Combat


You had 2 spell levels left.
You didn't know any spells.

Dungeon Overview and Level Annotations

Branches:
Dungeon (2/15)

Altars:

Annotations:
D:2 Robin


Innate Abilities, Weirdness & Mutations

You have hooves in place of feet.
Armour fits poorly on your strangely shaped body.
You cover ground very quickly.
You have extremely tough skin. (AC +3)


Message History

* * * LOW HITPOINT WARNING * * *
The jackal moves out of view.
The adder closely misses you.
You hit the adder.
The adder is almost dead.
* * * LOW HITPOINT WARNING * * *
You feel sick. The goblin closely misses you.
The adder bites you but does no damage.
Your leather armour prevents you from hitting the adder.
The adder is almost dead.
* * * LOW HITPOINT WARNING * * *
You feel sick. The goblin hits you but does no damage. The adder misses you.
You miss the adder. Your kick misses the adder.
The adder is almost dead.
* * * LOW HITPOINT WARNING * * *
You feel sick. The adder bites you but does no damage.
The goblin barely misses you. The adder bites you but does no damage.
You hit the adder. Your kick misses the adder.
The adder is almost dead.
The goblin hits you with a club.
You die... #.#.## gg...

#<.g# #...## #S...
#..# ##########gh#
......g@Sggg#
###########.####.#
.............#
..######.###### #
.........######.#
...#####.......)
#.....##.
#.....##.#
#........#


You could see Robin, an adder, a jackal, 2 hobgoblins and 2 goblins.

Vanquished Creatures
  2 adders (D:2)
  A dart slug (D:2)
  A leopard gecko (D:2)
  8 goblins
  5 hobgoblins
  A jackal (D:2)
  A ball python (D:2)
  3 bats
  4 frilled lizards (D:1)
  5 kobolds
  2 rats (D:2)
33 creatures vanquished.

Notes
Turn   | Place    | Note
-------+----------+-------------------------------------------
     0 | D:1      | Ivernyr the Centaur Hunter began the quest for the Orb.
     0 | D:1      | Reached XP level 1. HP: 17/17 MP: 1/1
   516 | D:1      | Reached XP level 2. HP: 24/24 MP: 2/2
   614 | D:1      | Reached skill level 1 in Unarmed Combat
  1063 | D:2      | Reached skill level 6 in Bows
  1279 | D:2      | Reached XP level 3. HP: 28/29 MP: 3/3
  1707 | D:2      | Noticed Robin
  1727 | D:2      | Slain by a goblin

Skill      XL: |  1  2 |
---------------+-------+-----
Unarmed Combat | 1 |  1.7
Bows           | 6 |  6.2
Fighting       | |  2.0
Armour         | |  0.9
Dodging        | |  1.3
Stealth        | |  0.4

Action                   || total
-------------------------++-------
Melee: Unarmed           ||   156
       Kick              ||    21
 Fire: Shortbow          ||     8
  Eat: Chunk             ||     1
Armor: Leather armour    ||    37
Dodge: Dodged            ||    80
